 Dungeon Crawl Stone Soup version 0.31-b1-18-g61460d1e46 (webtiles) character file.

Game seed: 17329414745307806455

56 Esekla the Sneak (level 3, 24/26 HPs)
             Began as an Octopode Delver on Jan 17, 2024.
             Quit the game on level 5 of the Dungeon.
             The game lasted 00:02:32 (151 turns).

Esekla the Sneak (Octopode Delver)                   Turns: 151, Time: 00:02:32

Health: 24/26      AC:  1    Str: 11    XL:     3   Next: 97%
Magic:  4/4        EV: 13    Int: 14    God:
Gold:   50         SH:  0    Dex: 13    Spells: 3/3 levels left

rFire   . . .        a - +0 falchion
rCold   . . .        (no shield)
rNeg    . . .        (helmet restricted)
rPois   .            (no amulet)
rElec   .            (no ring)
rCorr   .            (no ring)
SInv    .            (no ring)
Will    .....        (no ring)
Stlth   ++++         (no ring)
HPRegen 0.24/turn    (no ring)
MPRegen 0.09/turn    (no ring)
                     (no ring)

%: no passive effects
@: no status effects
A: almost no armour, amphibious, 8 rings, camouflage 1, gelatinous body 1,
(nimble swimmer 1), tentacles
a: no special abilities


You were on level 5 of the Dungeon.
You visited 2 branches of the dungeon, and saw 2 of its levels.

You collected 50 gold pieces.

Inventory:

Hand Weapons
 a - a +0 falchion (weapon)
Armour
 e - a +0 buckler
Wands
 f - a wand of digging (3)
Scrolls
 b - a scroll of fog
 c - a scroll of identify {unknown}
 d - a scroll of teleportation {unknown}


   Skills:
 * Level 3.4 Fighting
 * Level 2.3 Long Blades
 * Level 2.3 Dodging
 + Level 7.4 Stealth
 * Level 0.8 Spellcasting


You had 3 spell levels left.
You didn't know any spells.
Your spell library was empty.

Dungeon Overview and Level Annotations

Branches:
Dungeon (5/15)             Temple (1/1) D:5

Altars:
Cheibriados
Dithmenos
Elyvilon
Fedhas
Kikubaaqudgha
Nemelex Xobeh
Okawaru
Qazlal
Ru
Sif Muna
Trog
Uskayaw
Vehumet
Wu Jian
Yredelemnul
Zin


Innate Abilities, Weirdness & Mutations

You cannot wear most types of armour.
You are amphibious.
You can wear up to eight rings at the same time.
Your skin changes colour to match your surroundings (Stealth+).
Your rubbery body absorbs attacks. (AC +1, EV +1)
((You are camouflaged when in or above water. (Stealth+)))
You have tentacles for arms and can constrict up to eight enemies at once.


Message History

A scorpion comes into view.
The hound closely misses you.
You barely miss the hound.
The hound is moderately wounded.
You constrict the hound. The hound closely misses you.
The hound barely misses you.
You hit the hound.
The hound is heavily wounded.
You constrict the hound. The hound misses you. The hound bites you.
You slash the hound!
You kill the hound!
As you read the scroll of fear, it crumbles to dust.
You assume a fearsome visage.
The scorpion looks frightened!
Found a stone staircase leading up.
Found a scroll labelled QIAFASUIBE and a buckler.
d - a scroll labelled QIAFASUIBE
There are no items here.
You see here a +0 buckler.
e - a +0 buckler A quokka comes into view.
The quokka bites you.
You closely miss the quokka. Your grab misses the quokka.
You squeeze the quokka.
You kill the quokka!
You see here a quokka corpse.
Found 15 gold pieces.
Found a helmet.
You now have 50 gold pieces (gained 15).
An iguana comes into view.
Found a staircase to the Ecumenical Temple.
There is a fountain of clear blue water here.
There is a staircase to the Ecumenical Temple here.
You climb downwards.
Welcome to the Ecumenical Temple!
Found a staircase back to the Dungeon.
There is a staircase back to the Dungeon here.
Search for what [? for help]?
Gozag Can't find anything matching that.
You climb upwards.
There is a staircase to the Ecumenical Temple here.
Are you sure you want to abandon this character and quit the game? (Confirm with "yes".)

#....⌠.#[⌠.#.⌠.#
####†..#...#...#
##.###.###.##
#...#...#...#
#.⌠...⌠...⌠.#
#...#...#...#
######.######
#...#...#...#
#.⌠...⌠...@.#
#...#...#...#
#############


There were no monsters in sight!

Vanquished Creatures
  A hound (D:5)
  An iguana (D:5)
  A quokka (D:5)
3 creatures vanquished.

Notes
Turn   | Place    | Note
-------+----------+-------------------------------------------
     0 | D:5      | Esekla the Octopode Delver began the quest for the Orb.
     0 | D:5      | Reached XP level 1. HP: 16/16 MP: 1/1
     7 | D:5      | Noticed an iguana
    18 | D:5      | Noticed an ice beast
    39 | D:5      | Killed an iguana
    40 | D:5      | Reached skill level 7 in Stealth
    40 | D:5      | Reached XP level 2. HP: 17/21 MP: 2/2
    40 | D:5      | Reached XP level 3. HP: 21/26 MP: 3/3
    45 | D:5      | Noticed a black bear
    96 | D:5      | Noticed a scorpion
   139 | D:5      | Found a staircase to the Ecumenical Temple.
   148 | Temple   | Entered the Ecumenical Temple
   151 | D:5      | Quit the game

Illustrated notes

Levels and vault maps discovered:
D:5:      cheibrodos_helix_gallery, layout_rooms, minmay_temple_entry_nine_rooms
Temple:   nicolae_temple_slightly_damp_pantheon

Skill      XL: |  1 |
---------------+----+-----
Stealth        | 7 |  7.4
Fighting       | |  3.4
Long Blades    | |  2.3
Dodging        | |  2.3
Spellcasting   | |  0.8

Action                     || total
---------------------------++-------
  Melee: Falchion          ||    12
         Constrict         ||     2
         Tentacles         ||     2
         Punch             ||     1
    Use: Scroll            ||     2
         Potion            ||     1
 Armour: Skin              ||     6
  Dodge: Dodged            ||     7
